 Dungeon Crawl Stone Soup version 0.25.1-2-g60ff931df9 (webtiles) character file.

Game seed: 5798354327926890076

1232 hawla the Covert (level 8, 0/52 (53) HPs)
             Began as an Octopode Assassin on Oct 4, 2020.
             Slain by Grinder (3 damage)
             ... while paralysed by Grinder
             ... on level 6 of the Dungeon.
             The game lasted 00:13:59 (6385 turns).

hawla the Covert (Octopode Assassin)                Turns: 6385, Time: 00:13:59

HP:   0/52 (53)     AC:  1    Str: 12    XL:     8   Next: 48%
MP:   8/8           EV:  2    Int: 13    God:
Gold: 210           SH:  0    Dex: 14    Spells: 7/7 levels left

rFire    + . .     SeeInvis .   p - +4 quarterstaff (chaos)
rCold    . . .     Gourm    .   (shield currently unavailable)
rNeg     . . .     Faith    .   (helmet restricted)
rPois    .         Spirit   .   (no amulet)
rElec    .         Reflect  .   e - ring of protection from fire
rCorr    .         Harm     .   (no ring)
MR       .....                  (no ring)
Stlth    +++++.....             (no ring)
HPRegen  0.17/turn              (no ring)
MPRegen  0.11/turn              (no ring)
                                (no ring)
                                (no ring)

@: paralysed
A: almost no armour, stealthy swim, amphibious, 8 rings, constrict 8, camouflage
1, gelatinous body 1
a: no special abilities


You were on level 6 of the Dungeon.
You were not hungry.

You visited 2 branches of the dungeon, and saw 7 of its levels.

You collected 210 gold pieces.

Inventory:

Hand Weapons
 a - a +2 dagger
 l - a +0 quarterstaff
 p - a +4 quarterstaff of chaos (weapon)
Missiles
 b - 17 poisoned darts
 c - 2 curare-tipped darts (quivered)
 f - 4 boomerangs of dispersal
 g - a boomerang
Jewellery
 e - a ring of protection from fire (left tentacle)
 r - the ring "Qujysh" {Str+3 Dex+3 Slay+4}
   (You took it off an orc on level 4 of the Dungeon)

   [ring of slaying]

   It affects your strength (+3).
   It affects your dexterity (+3).
   It affects your accuracy and damage with ranged weapons and melee attacks
   (+4).
Scrolls
 q - 3 scrolls of identify
 s - a scroll of remove curse
Potions
 h - a potion of resistance {unknown}
 i - a potion of ambrosia {unknown}
 k - 2 potions of cancellation
 m - a potion of flight {unknown}
 n - a potion of lignification {unknown}
 o - a potion of magic {unknown}
Comestibles
 d - 7 rations


   Skills:
 + Level 3.6 Fighting
 + Level 3.2 Short Blades
 + Level 4.9 Staves
 + Level 3.4 Throwing
 * Level 3.9 Dodging
 + Level 9.4 Stealth


You had 7 spell levels left.
You didn't know any spells.
Your spell library contained the following spells:

 Spells                   Type           Power        Failure   Level  Hunger
 Animate Skeleton         Necr           N/A          30%         1    ##.....
 Confusing Touch          Hex            #.......     67%         3    ####...
 Gell's Gravitas          Tloc           #.........   67%         3    ####...
 Petrify                  Tmut/Erth      #.......     97%         4    #####..
 Metabolic Englaciation   Hex/Ice        #.........   100%        5    ######.
 Yara's Violent Unravell  Hex/Tmut       #.........   100%        5    ######.


Dungeon Overview and Level Annotations

Branches:
Dungeon (6/15)             Temple (1/1) D:4

Altars:
Ashenzari
Cheibriados
Dithmenos
Fedhas
Hepliaklqana
Kikubaaqudgha
Makhleb
Nemelex Xobeh
Qazlal
Ru
Sif Muna
Uskayaw
Vehumet
Wu Jian
Xom
Yredelemnul
Zin
The Shining One

Annotations:
D:6 Grinder


Innate Abilities, Weirdness & Mutations

You cannot wear most types of armour.
You are very stealthy in the water. (Stealth+)
You are amphibious.
You can wear up to eight rings at the same time.
You can use your tentacles to constrict eight enemies at once.
Your skin changes colour to match your surroundings (Stealth+).
Your rubbery body absorbs attacks. (AC +1, EV +1)


Message History

There is a stone staircase leading up here.
You hit Grinder.
Grinder's magic leaks into the air.
You grab Grinder.
Grinder is lightly wounded.
You constrict Grinder. Grinder hits you.
You writhe in agony.
You sock Grinder!
Grinder is moderately wounded.
You constrict Grinder. Grinder barely misses you. Grinder gestures at you.
You suddenly lose the ability to move!
You lose your grip on Grinder.
Grinder hits you.
You writhe in agony.
Grinder gestures at you.
You shrug off the repeated paralysis!
Grinder hits you!
You writhe in agony.
* * * LOW HITPOINT WARNING * * *
Grinder hits you.
* * * LOW HITPOINT WARNING * * *
You writhe in agony.
* * * LOW HITPOINT WARNING * * *
Grinder hits you.
You die...

... # #.# #.#.#
.#.. ..# ## #.#
#..#.###########
#....).@5......#
#.......###.......#
........# #.......#
...#..#...........#
.. #..#..##.###...#
# #.....#### ...#
##..... ...# #.#..#
#### .


You could see Grinder.

Vanquished Creatures
  Prince Ribbit (D:6)
  Duvessa (D:5)
  A black bear (D:6)
  A necrophage (D:5)
  An ogre (D:4)
  A scorpion (D:4)
  Dowan (D:5)
  3 orc priests (D:4)
  Crazy Yiuf (D:2)
  Natasha (thrice) (D:2)
  2 iguanas
  3 orc wizards
  12 adders
  3 gnolls (D:3)
  An ooze (D:1)
  A worm (D:2)
  5 dart slugs
  4 leopard geckos
  14 orcs
  A ball python (D:2)
  6 bats
  A giant cockroach (D:1)
  7 goblins (D:1)
  7 hobgoblins
  12 jackals
  7 kobolds
  2 quokkas
  4 frilled lizards
  9 rats
115 creatures vanquished.

Notes
Turn   | Place    | Note
-------+----------+-------------------------------------------
     0 | D:1      | hawla the Octopode Assassin began the quest for the Orb.
     0 | D:1      | Reached XP level 1. HP: 14/14 MP: 1/1
    93 | D:1      | Reached XP level 2. HP: 19/19 MP: 2/2
   327 | D:1      | Reached skill level 6 in Stealth
   572 | D:1      | Reached XP level 3. HP: 24/25 MP: 3/3
  1366 | D:2      | Found a snail-covered altar of Cheibriados.
  1467 | D:2      | Noticed Natasha
  1476 | D:2      | Killed Natasha
  1476 | D:2      | Reached skill level 7 in Stealth
  1476 | D:2      | Reached XP level 4. HP: 24/30 MP: 4/4
  1603 | D:2      | Noticed Natasha
  1610 | D:2      | Killed Natasha
  1664 | D:2      | Found a hazy altar of Hepliaklqana.
  1885 | D:2      | Reached XP level 5. HP: 35/35 MP: 5/5
  2207 | D:2      | Found a runed translucent door.
  2208 | D:2      | Noticed Crazy Yiuf
  2226 | D:2      | Killed Crazy Yiuf
  2452 | D:2      | Noticed Natasha
  2456 | D:2      | Killed Natasha
  2456 | D:2      | Reached skill level 8 in Stealth
  2864 | D:3      | Reached XP level 6. HP: 41/41 MP: 6/6
  2944 | D:3      | Reached skill level 1 in Staves
  3505 | D:3      | Found a shimmering blue altar of Sif Muna.
  3505 | D:3      | Found an ancient bone altar of Kikubaaqudgha.
  3506 | D:3      | Found a radiant altar of Vehumet.
  3508 | D:3      | Identified Kikubaaqudgha's Handbook of Dark Rites
  3527 | D:3      | Found a sparkling altar of Nemelex Xobeh.
  3934 | D:4      | Reached XP level 7. HP: 30/46 MP: 7/7
  4188 | D:4      | Noticed an angel
  4191 | D:4      | Found a glowing silver altar of Zin.
  4192 | D:4      | Found a shimmering altar of Xom.
  4208 | D:4      | Identified the ring "Qujysh" {Str+3 Dex+3 Slay+4}
  5132 | D:4      | Found a staircase to the Ecumenical Temple.
  5146 | Temple   | Entered the Ecumenical Temple
  5511 | D:5      | Entered Level 5 of the Dungeon
  5521 | D:5      | Noticed Duvessa
  5527 | D:5      | Noticed Dowan
  5536 | D:5      | Killed Dowan
  5543 | D:5      | Killed Duvessa
  5543 | D:5      | Reached skill level 9 in Stealth
  5678 | D:5      | Reached XP level 8. HP: 30/51 MP: 8/8
  5917 | D:5      | Noticed Grinder
  5930 | D:5      | Paralysed by Grinder for 2 turns
  6143 | D:6      | Noticed Prince Ribbit
  6155 | D:6      | Killed Prince Ribbit
  6380 | D:6      | Paralysed by Grinder for 7 turns
  6385 | D:6      | Slain by Grinder

Illustrated notes

Levels and vault maps discovered:
D:1:      dpeg_arrival_radiant, layout_basic
D:2:      layout_loops_corners, nicolae_overflow_crystal_walls,
          lemuel_doored_altar, first_ration, chequers_serial_rivers_marsh,
          uniq_crazy_yiuf_cottage, uniq_natasha
D:3:      layout_loops_corners, grunt_temple_overflow_magic_moments,
          nemelex_xobeh_ov_fountains_minmay, kennysheep_generic_room_10
D:4:      layout_loops_corners, grunt_temple_overflow_order_and_chaos_1,
          temple_hall
D:5:      layout_cave_pools, serial_shops, shop_statue, uniq_duvessa,
          uniq_sigmund, uniq_grinder
D:6:      layout_loops_cross, kennysheep_mini_moat, old_standard_altar,
          basic_altar, grunt_ministairs_8, uniq_prince_ribbit1
Temple:   jpeg_temple_alley_garden

Skill      XL: |  1  2  3  4  5  6  7  8 |
---------------+-------------------------+-----
Stealth        | 6 7 8 9 |  9.4
Short Blades   | 3 |  3.2
Staves         | 1 3 4 |  4.9
Dodging        | 2 3 |  3.9
Fighting       | 3 |  3.6
Throwing       | 3 |  3.4

Action                   |  1- 3 |  4- 6 |  7- 9 || total
-------------------------+-------+-------+-------++-------
Melee: Dagger            |    69 |    21 |     2 ||    92
       Constrict         |    12 |    28 |    14 ||    54
       Tentacles         |    11 |    19 |     8 ||    38
       Quarterstaff      |       |    78 |    56 ||   134
Throw: Dart              |       |    27 |     3 ||    30
       Boomerang         |       |       |     7 ||     7
  Use: Scroll            |     2 |     6 |     1 ||     9
       Potion            |       |     1 |     1 ||     2
 Stab: Sleeping          |    10 |    18 |     4 ||    32
       Distracted        |     1 |       |     1 ||     2
  Eat: Chunk             |     2 |     7 |     3 ||    12
       Ration            |       |       |     2 ||     2
Armor: Skin              |     5 |     7 |     1 ||    13
Dodge: Dodged            |    35 |    59 |    32 ||   126
